[Event "*** SCC Grand Prix: Titled Tuesday Blitz"]
[Site "Chess.com"]
[Date "2020.10.06"]
[Round "3"]
[White "catzapto"]
[Black "misterlamine"]
[Result "1-0"]
[WhiteElo "2146"]
[BlackElo "2321"]
[TimeControl "180+1"]
[EndTime "10:27:35 PDT"]
[Termination "catzapto won by resignation"]

1. e4 c5 2. Nf3 d6 3. c3 Nf6 4. Be2 g6 5. O-O Bg7 6. Re1 O-O 7. Bf1 Nc6 8. h3 h6 9. d4 cxd4 10. cxd4 Bd7 11. Nc3 Rc8 12. Bf4 a6 13. d5 Na5 14.
Qd2 Kh7 15. e5 dxe5 16. Nxe5 b5 17. Nxd7 Qxd7 18. Ne4 Nxd5 19. Bxh6 Bxh6 20. Qxa5 Rc2 21. Rad1 Qc6 22. Qa3 Nf6 23. Bd3 Nxe4 24. Bxe4 Qc5 25. Bxc2 Qxc2 26. Qxa6 Qxb2 27. Rxe7 Bg7 28. Qd6 Qxa2 29.
Qd2 Qb3 30. Qd3 Qc4 31. Qxc4 bxc4 32. Rc7 c3 33. Rdd7 Kg8 34. Kf1 Be5 35. Rc6 Rb8 36. f4 Bg7 37. Rcc7 Rb1+ 38. Ke2 Rb2+ 39. Kf3 Bf8 40.
Rxf7 c2 41. h4 c1=Q 42. Rxf8+ Kxf8 43. Rxc1 Rb3+ 44. Kg4 Kg7 45. Rc5 Rb2 46. g3 Rb6 47. h5 gxh5+ 48. Rxh5 Rg6+ 49. Rg5 Kf6 50. Rxg6+ Kxg6 51.
Kf3 Kf5 52. g4+ Kf6 53. Kg3 Kg6 54. Kh4 1-0

[Event "*** SCC Grand Prix: Titled Tuesday Blitz"]
[Site "Chess.com"]
[Date "2020.10.06"]
[Round "3"]
[White "banane_verte"]
[Black "kingnb"]
[Result "1-0"]
[WhiteElo "2445"]
[BlackElo "2633"]
[TimeControl "180+1"]
[EndTime "10:27:36 PDT"]
[Termination "banane_verte won by checkmate"]

1. e4 d5 2. exd5 Nf6 3. d4 Nxd5 4. Nf3 Bf5 5. Be2 e6 6. O-O Be7 7. a3 O-O 8. c4 Nf6 9. h3 Nbd7 10. Nc3 h6 11. Bf4 Bd6 12. Ne5 Nh7 13. Bf3 Bxe5 14.
dxe5 Nc5 15. Be3 Qe7 16. b4 Nd3 17. Be4 Bxe4 18. Nxe4 Nxe5 19. Bc5 Qh4 20. Bxf8 Qxe4 21. Bc5 Nxc4 22. Qd4 Qxd4 23. Bxd4 c6 24. Rfd1 Nf8 25.
Bc5 Nb6 26. Bxb6 axb6 27. a4 g6 28. a5 bxa5 29. Rxa5 Rb8 30. Ra7 Kg7 31. f4 Kf6 32. Kf2 Ke7 33. b5 cxb5 34. Rb1 Nd7 35. Rxb5 b6 36.
Rb2 Ke8 37. g4 Nc5 38. Ke3 b5 39. Rc7 Na4 40. Rb4 Nb6 41. Rxb5 Nd5+ 42. Rxd5 exd5 43.
Kd4 Rb4+ 44. Ke5 Re4+ 45. Kd6 Rxf4 46. Rc8# 1-0

[Event "*** SCC Grand Prix: Titled Tuesday Blitz"]
[Site "Chess.com"]
[Date "2020.10.06"]
[Round "3"]
[White "ajdemipopushi"]
[Black "Roman_Ovetchkin"]
[Result "0-1"]
[WhiteElo "2345"]
[BlackElo "2616"]
[TimeControl "180+1"]
[EndTime "10:27:36 PDT"]
[Termination "Roman_Ovetchkin won on time"]

1. Nf3 Nf6 2. g3 g6 3. c4 Bg7 4. Bg2 O-O 5. d4 d6 6. Nc3 Nbd7 7. O-O e5 8. e4 c6 9. h3 a6 10. Be3 b5 11. a3 bxc4 12. dxe5 Nxe5 13. Nxe5 dxe5 14.
Qa4 Be6 15. Qxc6 Qb8 16. Rab1 Rc8 17. Qa4 Qb3 18. Rfd1 Bf8 19. Qa5 Nd7 20. Nd5 Qb5 21. Qc3 Rab8 22. Bg5 Qc5 23. Rbc1 Rb3 24. Qxb3 cxb3 25.
Rxc5 Rxc5 26. Nf6+ Nxf6 27. Bxf6 Rc8 28. Bxe5 Bg7 29. Bxg7 Kxg7 30. Rd6 Rc1+ 31. Kh2 Rc2 32. Rxa6 Rxf2 33. Rb6 Rxb2 34. g4 Ra2 35. e5 Rxa3 36. Kg3 g5 37. Be4 b2+ 38. Kh2 Rb3 39. Rxb3 Bxb3 40.
Bb1 h6 41. Kg3 f6 42. exf6+ Kxf6 43. Kf3 Bf7 44. Ke3 Bg6 0-1

[Event "*** SCC Grand Prix: Titled Tuesday Blitz"]
[Site "Chess.com"]
[Date "2020.10.06"]
[Round "3"]
[White "Loy_Konstantin"]
[Black "Chessdude1987"]
[Result "1-0"]
[WhiteElo "2386"]
[BlackElo "2228"]
[TimeControl "180+1"]
[EndTime "10:27:36 PDT"]
[Termination "Loy_Konstantin won on time"]

1. e4 e6 2. d3 c5 3. Nf3 Nc6 4. g3 g6 5. Bg2 Bg7 6. O-O Nge7 7. Re1 O-O 8. c3 d5 9. e5 f6 10. exf6 Bxf6 11. Bh6 Bg7 12. Bxg7 Kxg7 13. d4 Qd6 14. Nbd2 Nf5 15. dxc5 Qxc5 16. Nb3 Qd6 17. Nbd4 Bd7 18. Nxf5+ Rxf5 19. Nd4 Rh5 20. f4 e5 21. fxe5 Rxe5 22. Rxe5 Qxe5 23. Qd2 Re8 24. Rf1 Qe3+ 25. Qxe3 Rxe3 26.
Kf2 Re5 27. Rd1 Bg4 28. Rd2 Nxd4 29. cxd4 Rf5+ 30. Ke3 Rh5 31. h4 Be6 32. Rc2 Rf5 33.
Rc5 Rf7 34. Bxd5 Bxd5 35. Rxd5 Rc7 36. Rc5 Re7+ 37. Kd3 Kf6 38. Rc2 Kf5 39. Rc5+ Kg4 40. Rg5+ Kf3 41. d5 Rd7 42. Kd4 b6 43. Ke5 Ke3 44. d6 Kd2 45. Ke6 Rb7 46. Rb5 1-0

[Event "*** SCC Grand Prix: Titled Tuesday Blitz"]
[Site "Chess.com"]
[Date "2020.10.06"]
[Round "3"]
[White "chito89"]
[Black "SilviusTiberius"]
[Result "1/2-1/2"]
[WhiteElo "2824"]
[BlackElo "2658"]
[TimeControl "180+1"]
[EndTime "10:27:37 PDT"]
[Termination "Game drawn by repetition"]

1. Nf3 Nf6 2. c4 g6 3. Nc3 Bg7 4. d4 O-O 5. Bg5 d6 6. e3 c5 7. Be2 h6 8. Bh4 g5 9. Bg3 Nh5 10. Qc2 g4 11. Nd2 cxd4 12. exd4 Nc6 13. Nb3 a5 14. d5 Nb4 15. Qd2 a4 16. Nb5 axb3 17. Qxb4 Rxa2 18. Rxa2 bxa2 19. O-O Bf5 20. Ra1 Qb6 21.
Rxa2 Nxg3 22. hxg3 h5 23. Qd2 Bg6 24. Ra3 Kh7 25. Bd3 Bh6 26. Qe2 Bg5 27. Nc3 Bf6 28. Bc2 Qd4 29. Rb3 Ra8 30. Nb5 Ra1+ 31. Kh2 Qe5 32.
Bxg6+ fxg6 33. Re3 Qg5 34. Re4 Qc1 35. Rxe7+ Bxe7 36. Qxe7+ Kh8 37. Qf8+ Kh7 38. Qf7+ Kh8 39. Qf6+ Kh7 40.
Qf7+ Kh8 41. Qf6+ Kh7 42. Qf7+ 1/2-1/2

[Event "*** SCC Grand Prix: Titled Tuesday Blitz"]
[Site "Chess.com"]
[Date "2020.10.06"]
[Round "3"]
[White "gui_borba"]
[Black "penguingm1"]
[Result "1-0"]
[WhiteElo "2488"]
[BlackElo "2841"]
[TimeControl "180+1"]
[EndTime "10:27:37 PDT"]
[Termination "gui_borba won by checkmate"]

1. e4 e5 2. Nf3 Nc6 3. Nc3 Nf6 4. d4 exd4 5. Nxd4 Bb4 6. Nxc6 bxc6 7. Bd3 d5 8. exd5 cxd5 9. O-O O-O 10. h3 c6 11. Qf3 h6 12. Bf4 Bd6 13. Rfe1 Rb8 14. Bxd6 Qxd6 15. b3 Rb4 16. Ne2 Be6 17. c3 Rb7 18. Rad1 Re8 19. c4 Rbe7 20. Qg3 Qc5 21. Nf4 Bc8 22. Rxe7 Qxe7 23. cxd5 cxd5 24. Rc1 d4 25. Ne2 Qa3 26. Rc6 Kh8 27. Rxf6 gxf6 28. Qf4 Kg7 29. Qg3+ Kf8 30. Qf4 Kg7 31. Qg3+ Kh8 32.
Qf4 Qf8 33. Qxd4 Qg7 34. Nf4 Qg5 35. h4 Re1+ 36. Bf1 Qe5 37. Qb4 Ba6 38. Qf8+ Kh7 39. Qxf7+ Kh8 40. Ng6# 1-0

[Event "*** SCC Grand Prix: Titled Tuesday Blitz"]
[Site "Chess.com"]
[Date "2020.10.06"]
[Round "3"]
[White "anon569"]
[Black "KonstantinB_1983"]
[Result "0-1"]
[WhiteElo "2255"]
[BlackElo "2503"]
[TimeControl "180+1"]
[EndTime "10:27:37 PDT"]
[Termination "KonstantinB_1983 won on time"]

1. e4 c6 2. d4 d5 3. Nd2 dxe4 4.
Nxe4 Nf6 5. Ng5 h6 6. N5f3 Bf5 7.
Ne2 Nbd7 8. Nf4 e6 9. Bc4 Bd6 10. Bb3 Qc7 11. Nd3 Bg4 12. Qe2 a5 13. c4 a4 14. Bc2 O-O 15. Bd2 Rfe8 16. Bc3 a3 17. b3 b5 18. h3 Bf5 19. O-O bxc4 20.
bxc4 Ne4 21. Be1 Bh7 22. Nde5 Nef6 23. Bc3 Bxc2 24. Qxc2 c5 25. Nxd7 Nxd7 26. d5 exd5 27. cxd5 Nb6 28. Rad1 Qd7 29. Ba1 Rad8 30. Qc3 Bf8 31. Qxa3 Nxd5 32. Qb3 Qf5 33. Rd2 Nf4 34.
Rfd1 Rb8 35. Qc4 Nxh3+ 36. Kh2 Nf4 37. Rd7 Ne6 0-1

[Event "*** SCC Grand Prix: Titled Tuesday Blitz"]
[Site "Chess.com"]
[Date "2020.10.06"]
[Round "3"]
[White "BanjoKazooieN64"]
[Black "Hikaru"]
[Result "1/2-1/2"]
[WhiteElo "2484"]
[BlackElo "3205"]
[TimeControl "180+1"]
[EndTime "10:27:38 PDT"]
[Termination "Game drawn by repetition"]

1. e4 g6 2. d4 Bg7 3. Nc3 d6 4. Be3 a6 5. Qd2 b5 6. Nf3 Nd7 7. Bd3 Bb7 8. O-O c5 9. Rfe1 cxd4 10. Bxd4 Ngf6 11. h3 e5 12. Be3 b4 13. Nd5 Bxd5 14.
exd5 a5 15. Bb5 O-O 16. Bg5 Nc5 17. Bc6 Rb8 18. Qe3 Qb6 19. Nd2 Ncd7 20. Nc4 Qc7 21. a3 Nb6 22. Nxb6 Rxb6 23. axb4 Rxb4 24. b3 Nh5 25. Ra2 Nf4 26. Bxf4 Rxf4 27. Qd2 h5 28. Qxa5 Qe7 29. Qc3 h4 30. Ra4 Qf6 31.
Rxf4 Qxf4 32. Qe3 Qb4 33. Qe4 Qd2 34. Qe2 Qc3 35. Rd1 f5 36. Qd2 Qc5 37. b4 Qc4 38. b5 Rb8 39. Rb1 Qc5 40. Qb4 Qxc2 41. b6 e4 42. b7 Be5 43. Qb6 Bd4 44. Qxd4 Qxb1+ 45. Kh2 Qc1 46. Qf6 Qf4+ 47. Kg1 Kh7 48. Qf7+ Kh6 49. Qc7 e3 50. fxe3 Qxe3+ 51. Kh2 Qg3+ 52.
Kg1 Re8 53. Bxe8 Qe1+ 54. Kh2 Qg3+ 55. Kg1 Qe1+ 56. Kh2 Qe5+ 57. Kg1 Qe1+ 1/2-1/2

[Event "*** SCC Grand Prix: Titled Tuesday Blitz"]
[Site "Chess.com"]
[Date "2020.10.06"]
[Round "3"]
[White "Salem-AR"]
[Black "albi1999"]
[Result "1-0"]
[WhiteElo "2910"]
[BlackElo "2610"]
[TimeControl "180+1"]
[EndTime "10:27:39 PDT"]
[Termination "Salem-AR won by resignation"]

1. d4 Nf6 2. c4 e6 3. Nf3 d5 4. Nc3 c5 5. cxd5 Nxd5 6. e3 cxd4 7. exd4 Nxc3 8. bxc3 Qc7 9. Rb1 Nd7 10. c4 b6 11.
Bd3 Bb7 12. O-O Bd6 13. Rb5 h6 14. Re1 a6 15. Rh5 Nf6 16. Rh4 Kf8 17. Ne5 Rd8 18. Qe2 Kg8 19. Rf4 Bb4 20. Rd1 Be7 21. Bb2 g5 22. Rg4 Nxg4 23. Nxg4 h5 24. Ne5 Rh6 25.
Re1 Bb4 26. Qe3 Qe7 27. Re2 Kh8 28. h4 f6 29. hxg5 fxg5 30. d5 Kg8 31. Nf3 e5 32. Qxe5 Qxe5 33. Rxe5 g4 34. Rg5+ Kf8 35. Bg7+ Ke8 36.
Bxh6 gxf3 37. gxf3 b5 38. Rg8+ Kd7 39. Bf5+ Kc7 40.
Bf4+ Bd6 41. Rxd8 Bxf4 42. Rd7+ Kb6 43. c5+ Kxc5 44. Rxb7 1-0

[Event "*** SCC Grand Prix: Titled Tuesday Blitz"]
[Site "Chess.com"]
[Date "2020.10.06"]
[Round "3"]
[White "WeAintSurePal"]
[Black "TomiLen"]
[Result "0-1"]
[WhiteElo "2376"]
[BlackElo "2561"]
[TimeControl "180+1"]
[EndTime "10:27:39 PDT"]
[Termination "TomiLen won by checkmate"]

1. d4 Nf6 2. Bg5 g6 3. Bxf6 exf6 4. e3 d5 5. c3 c6 6. Nd2 Bd6 7. Bd3 f5 8. Ne2 Nd7 9. Nf3 Nf6 10. h4 Qe7 11. g3 h5 12. Nf4 Be6 13. Qb3 Ne4 14.
Bxe4 fxe4 15. Nxe6 exf3 16. Ng5 Bxg3 17. fxg3 Qxe3+ 18. Kd1 O-O 19. Qc2 Rae8 20. Qd2 f6 21. Nh3 Qe2+ 22. Qxe2 Rxe2 23. Rf1 Rh2 24. Nf4 g5 25. Nd3 g4 26. Rc1 Rg2 27. Nf4 Rxg3 28. Nxh5 Rh3 29.
Nf4 Kf7 30. h5 Rh2 31. Rc2 Rxc2 32. Kxc2 f5 33. Kd2 Kf6 34. Ke3 Re8+ 35. Kf2 Kg5 36. Kg3 Re3 37. Rf2 b5 38. a3 a5 39. h6 Kxh6 40. Rh2+ Kg7 41. Nh5+ Kf7 42. Nf4 f2+ 43. Kg2 Rf3 44. Kf1 Rxf4 45. Rh7+ Kg6 46. Rc7 g3 47.
Rxc6+ Kg5 48. Rc7 g2+ 49. Kxg2 f1=Q+ 50. Kh2 Rf2+ 51. Kg3 Qg2# 0-1

[Event "*** SCC Grand Prix: Titled Tuesday Blitz"]
[Site "Chess.com"]
[Date "2020.10.06"]
[Round "3"]
[White "DanielDardha2005"]
[Black "Guenplen"]
[Result "1-0"]
[WhiteElo "2685"]
[BlackElo "2854"]
[TimeControl "180+1"]
[EndTime "10:27:40 PDT"]
[Termination "DanielDardha2005 won on time"]

1. d4 d5 2. c4 e6 3. Nf3 Nf6 4. Nc3 a6 5. cxd5 exd5 6. Bg5 Be6 7. Qc2 Nbd7 8. e3 h6 9. Bf4 g5 10. Bg3 Nh5 11. Bd3 c6 12. O-O-O Nxg3 13. hxg3 Bg7 14.
e4 dxe4 15. Bxe4 Nf6 16. Bf5 Bxf5 17. Qxf5 O-O 18. Kb1 Qc8 19. Qc2 Re8 20. Ne5 Nd5 21. Ne4 Qf5 22. g4 Qe6 23. Nc5 Qe7 24. Rde1 f6 25. Nf3 Qf7 26. a3 Bf8 27. Ne4 Re6 28. Ng3 Rae8 29. Rxe6 Qxe6 30. Qg6+ Kh8 31. Nf5 Re7 32. Nxe7 Nxe7 33. Qd3 Qxg4 34. g3 Nd5 35. Nd2 f5 36. Re1 Kg8 37. Nf3 Bg7 38. Ne5 Bxe5 39.
Rxe5 1-0

[Event "*** SCC Grand Prix: Titled Tuesday Blitz"]
[Site "Chess.com"]
[Date "2020.10.06"]
[Round "3"]
[White "dosto07"]
[Black "AldokhinIvan"]
[Result "0-1"]
[WhiteElo "2358"]
[BlackElo "2543"]
[TimeControl "180+1"]
[EndTime "10:27:40 PDT"]
[Termination "AldokhinIvan won by checkmate"]

1. e4 c5 2. Nf3 e6 3. c3 Nf6 4. e5 Nd5 5. Bc4 d6 6. d4 Nc6 7. O-O cxd4 8. cxd4 Be7 9. Qe2 O-O 10. Rd1 Nb6 11.
Bd3 Nb4 12. exd6 Qxd6 13. Be4 f5 14. Bd3 Nxd3 15. Rxd3 Bd7 16. Nc3 Nd5 17. Ne5 Bf6 18.
Rg3 Rad8 19. Bg5 Bxg5 20. Rxg5 Be8 21. Rd1 h6 22. Rg3 Nf4 23. Qe3 Nh5 24. Rh3 Nf6 25. Rg3 Kh7 26. h4 b5 27. a3 a5 28. Qd3 b4 29. axb4 axb4 30. Ne2 Ne4 31. Nf4 Nxg3 32. Qxg3 Rf6 33. h5 Qc7 34. Qb3 Qe7 35. Rc1 Rxd4 36. Qe3 Re4 37. Qg3 Rxe5 38. Ng6 Bxg6 39. hxg6+ Rxg6 40. Qxe5 Qg5 41. Rc6 Qxg2# 0-1

[Event "*** SCC Grand Prix: Titled Tuesday Blitz"]
[Site "Chess.com"]
[Date "2020.10.06"]
[Round "3"]
[White "Parhamov"]
[Black "Sankalp_Gupta2003"]
[Result "1-0"]
[WhiteElo "2969"]
[BlackElo "2711"]
[TimeControl "180+1"]
[EndTime "10:27:41 PDT"]
[Termination "Parhamov won by resignation"]

1. e4 e6 2. d4 d5 3. Nc3 Nf6 4. e5 Nfd7 5. f4 c5 6. Nf3 Nc6 7. Be3 Be7 8. Qd2 O-O 9. a3 b6 10. h4 f5 11. h5 cxd4 12. Nxd4 Nxd4 13. Bxd4 Nc5 14. O-O-O Bd7 15. Be2 Rc8 16. g4 fxg4 17.
Be3 b5 18. Rhg1 a5 19. Bxc5 Bxc5 20. Rxg4 b4 21. Ne4 bxa3 22. Nxc5 axb2+ 23. Kb1 Rxc5 24.
Rdg1 Rf7 25. Bd3 Rc7 26. Qg2 Qf8 27. h6 Be8 28. hxg7 Rxg7 29. Qh3 Kh8 30. Rxg7 Rxg7 31.
Rxg7 Qxg7 32. Qxe6 Qf7 33. Qc8 Kg7 34. f5 Bd7 35.
f6+ Kh6 36. Qc5 Kg5 37. Qe3+ Kg4 38. Be2+ Kf5 39. Bf1 Be6 40. Qg3 Ke4 41. c3 d4 42.
Bg2+ Kf5 43. cxd4 Ba2+ 44. Kxb2 a4 45. Qf3+ Kg5 46. Qe3+ Kf5 47. Be4+ Ke6 48. Kxa2 Kd7+ 49. d5 Qh5 50. f7 Qh2+ 51. Ka3 Qxe5 52. Qa7+ Kd6 53.
f8=Q+ 1-0

[Event "*** SCC Grand Prix: Titled Tuesday Blitz"]
[Site "Chess.com"]
[Date "2020.10.06"]
[Round "3"]
[White "Meri-Arabidze"]
[Black "RaunakSadhwani2005"]
[Result "0-1"]
[WhiteElo "2704"]
[BlackElo "2920"]
[TimeControl "180+1"]
[EndTime "10:27:41 PDT"]
[Termination "RaunakSadhwani2005 won on time"]

1. d4 g6 2. c4 Bg7 3. Nc3 d6 4.
e4 Nf6 5. Nge2 O-O 6. Ng3 c5 7. d5 e6 8. Be2 exd5 9. cxd5 a6 10. a4 Re8 11. O-O Nbd7 12. Be3 h5 13. Bg5 Qb6 14. Rb1 Nh7 15. Be3 h4 16. Nh1 Ndf8 17. f3 f5 18. Nf2 Qd8 19. Qd2 Qf6 20. Nh3 Bd7 21. a5 Rab8 22. Bd3 b5 23. axb6 Rxb6 24. exf5 gxf5 25. Nf4 Qf7 26. Kh1 Reb8 27. Rfe1 Ng5 28. h3 Ngh7 29. Bc4 Be5 30. b3 Ng6 31. Rbd1 Qf6 32.
Nce2 Bb5 33. Nxg6 Qxg6 34. Nf4 Qg3 35. Re2 Bxc4 36. bxc4 Rb2 37. Qe1 Bxf4 38. Bxf4 Qxf4 39. Re8+ Rxe8 40. Qxe8+ Nf8 41. Re1 Qg3 42. Re2 Rb1+ 0-1

[Event "*** SCC Grand Prix: Titled Tuesday Blitz"]
[Site "Chess.com"]
[Date "2020.10.06"]
[Round "3"]
[White "dyziotomi99"]
[Black "Sacbutt"]
[Result "0-1"]
[WhiteElo "2432"]
[BlackElo "2280"]
[TimeControl "180+1"]
[EndTime "10:27:42 PDT"]
[Termination "Sacbutt won by resignation"]

1. d4 Nf6 2. c4 e6 3. Nc3 d5 4.
Nf3 Be7 5. Bf4 O-O 6. e3 a6 7. c5 b6 8. b4 a5 9. a3 c6 10.
Bd3 Nh5 11. Be5 f6 12. Bg3 Nxg3 13. hxg3 h6 14. O-O Nd7 15. Bc2 f5 16. Qd3 Ba6 17. b5 cxb5 18. c6 Nb8 19. Ne5 Bd6 20. Ng6 Rf6 21. Ne5 Bxe5 22. dxe5 Rf7 23. Nxb5 Nxc6 24. Ba4 Nxe5 25. Qd4 Nc4 26. Rfd1 Rc8 27. Rac1 Bxb5 28. Bxb5 Nxa3 29. Rxc8 Qxc8 30. Qxb6 Rb7 31. Ba6 Rxb6 32. Bxc8 Nc4 33. g4 fxg4 34. e4 dxe4 35. Rd4 Rc6 36. Rxc4 Rxc4 37. Bxe6+ Kh7 38. Bxc4 Kg6 39. Kf1 Kf5 40.
Ke2 g3 41. f3 h5 42. Ke3 exf3 43. Kxf3 h4 44. Bd3+ Ke5 45. Kg4 g5 46. Bb5 Kd4 47.
Bd7 Ke3 48. Kxg5 Kf2 49. Kxh4 Kxg2 50. Bc6+ Kh2 51. Kg4 a4 52. Kf3 g2 0-1

[Event "*** SCC Grand Prix: Titled Tuesday Blitz"]
[Site "Chess.com"]
[Date "2020.10.06"]
[Round "3"]
[White "The_Machine04"]
[Black "pedromartinez91"]
[Result "1-0"]
[WhiteElo "2320"]
[BlackElo "2509"]
[TimeControl "180+1"]
[EndTime "10:27:43 PDT"]
[Termination "The_Machine04 won by resignation"]

1. d4 b5 2. e4 Bb7 3. Nd2 b4 4. a3 bxa3 5. Rxa3 e6 6. Rg3 Nf6 7. Bd3 Nc6 8. c3 e5 9. Ngf3 Nh5 10. Rg5 Nf4 11. Bc4 h6 12. Rf5 d5 13. exd5 Na5 14. Qa4+ c6 15. dxc6 Bxc6 16. Bxf7+ Kd7 17. Qc2 g5 18.
Nxe5+ Kc7 19. Nxc6 Nxc6 20. O-O Bd6 21. Nf3 Rf8 22.
Bxf4 Bxf4 23. Be6 Qd6 24. Rxf8 Rxf8 25. Bg4 h5 26. Qh7+ Kb8 27. Qxh5 Qc7 28. h3 Rd8 29.
Qg6 Ne7 30. Qe6 Nd5 31. Ne5 Bxe5 32. Qxe5 Rd6 33. Qh8+ Kb7 34. Qe5 Nf4 35. Re1 Rb6 36. Qe4+ Rc6 37. Bf3 Kb6 38. Qxc6+ Qxc6 39. Bxc6 Kxc6 40.
Re4 Kd5 41. Rxf4 gxf4 42. f3 1-0

[Event "*** SCC Grand Prix: Titled Tuesday Blitz"]
[Site "Chess.com"]
[Date "2020.10.06"]
[Round "3"]
[White "kirillgenius"]
[Black "tlomigtlis"]
[Result "1-0"]
[WhiteElo "2314"]
[BlackElo "2500"]
[TimeControl "180+1"]
[EndTime "10:27:43 PDT"]
[Termination "kirillgenius won by checkmate"]

1. e4 c5 2. Nf3 d6 3. d4 cxd4 4. Nxd4 Nf6 5. Nc3 a6 6. Bc4 e6 7.
Bb3 Nbd7 8. f4 Nc5 9. O-O Be7 10. f5 O-O 11. Qf3 e5 12. Nde2 b5 13. Bg5 Bb7 14.
Bxf6 Bxf6 15. Bd5 Qb6 16. Bxb7 Nxb7+ 17. Kh1 Na5 18. Nd5 Qd8 19. Ng3 Bh4 20. f6 g6 21.
Nf5 gxf5 22. Qxf5 Kh8 23. Rf3 Rg8 24. Rh3 Rg5 25. Qf3 Nc6 26. Rxh4 Qg8 27. c3 Re8 28. Rf1 Qg6 29. g3 Kg8 30. a4 h6 31. axb5 axb5 32.
Ra1 Kh7 33. Ra6 Nb8 34. Ra8 Rg8 35. Ne7 Nd7 36. Rxg8 Qxg8 37. Nxg8 Rxg8 38. Qf5+ Rg6 39. Qxd7 Rxf6 40. Qe7 Rf1+ 41. Kg2 Kg7 42. Rg4+ Kh7 43. Kxf1 h5 44. Qxf7+ Kh6 45. Qg6# 1-0

[Event "*** SCC Grand Prix: Titled Tuesday Blitz"]
[Site "Chess.com"]
[Date "2020.10.06"]
[Round "3"]
[White "aisha_zakirova"]
[Black "SHIVACalypso"]
[Result "0-1"]
[WhiteElo "2185"]
[BlackElo "2357"]
[TimeControl "180+1"]
[EndTime "10:27:43 PDT"]
[Termination "SHIVACalypso won on time"]

1. d4 e6 2. c4 Nf6 3. Nf3 Bb4+ 4. Bd2 Be7 5. Nc3 d5 6. Qc2 O-O 7.
e4 dxe4 8. Nxe4 Nxe4 9. Qxe4 Nd7 10. Be2 Nf6 11. Qc2 c5 12. dxc5 Bxc5 13. O-O Qc7 14. Bc3 Qe7 15. a3 a6 16. b4 Ba7 17.
Rad1 h6 18. Rfe1 Ng4 19. c5 b6 20. h3 Nf6 21. Nd4 bxc5 22. Nc6 Qc7 23. Nxa7 Qxa7 24. Bxf6 gxf6 25. bxc5 Bb7 26. c6 Rac8 27. Qb2 Bxc6 28.
Qxf6 Bd5 29. Qxh6 f5 30. Bh5 Rc7 31. Bg6 Rg7 32. Rd3 Qe7 33. Rg3 Qf6 34. Bh7+ Kh8 35.
Qxf6 Rxf6 36. Rxg7 Kxg7 37. Bxf5 Rxf5 38. Rb1 Rf4 39.
Rb6 Ra4 40. Kh2 Rxa3 41. h4 Ra2 42. Kg3 a5 43. Ra6 a4 44. Ra7+ Kh6 45. Ra6 Ra1 46.
f3 a3 47. Kg4 a2 48. g3 Rg1 0-1

[Event "*** SCC Grand Prix: Titled Tuesday Blitz"]
[Site "Chess.com"]
[Date "2020.10.06"]
[Round "3"]
[White "RestartingChess"]
[Black "ram1zan"]
[Result "1-0"]
[WhiteElo "2489"]
[BlackElo "2860"]
[TimeControl "180+1"]
[EndTime "10:27:44 PDT"]
[Termination "RestartingChess won by resignation"]

1. e3 e5 2. Nf3 Nc6 3. d4 e4 4. Nfd2 f5 5. c4 Nf6 6. Nc3 g6 7. a3 Bg7 8. b4 O-O 9. Bb2 d6 10. b5 Ne7 11. a4 Kh8 12. Be2 Qe8 13. h4 f4 14. exf4 Nf5 15. g4 Nxd4 16. g5 Nxe2 17. gxf6 Bxf6 18. Qxe2 Bf5 19. Nb3 c6 20. Nd1 h5 21.
Ne3 Qe6 22. Qd2 Kh7 23. Bxf6 Qxf6 24. Qd4 Qf7 25. Nc1 c5 26. Qc3 Be6 27. Ne2 a6 28. b6 Rad8 29. Rd1 Qe8 30. a5 Rd7 31. Rg1 Qe7 32. Rg5 Qd8 33. f5 Bxf5 34. Nxf5 Rxf5 35.
Rxf5 gxf5 36. Qg3 Rg7 37. Qf4 Qf6 38. Ng3 Qc3+ 39. Kf1 Qxc4+ 40. Kg2 Qf7 41. Rxd6 Qf8 42. Kh2 c4 43. Qh6+ Kg8 44. Nxh5 Re7 45. Rg6+ Kf7 46. Rf6+ Ke8 47. Qxf8+ Kd7 48. Rf7 Rxf7 49. Qxf7+ Kc6 50. Qxc4+ Kd6 51. Nf4 Ke5 52. Kg3 Kf6 53.
Qe6+ 1-0

[Event "*** SCC Grand Prix: Titled Tuesday Blitz"]
[Site "Chess.com"]
[Date "2020.10.06"]
[Round "3"]
[White "bascheyaro"]
[Black "PhileKhoob"]
[Result "0-1"]
[WhiteElo "2719"]
[BlackElo "2469"]
[TimeControl "180+1"]
[EndTime "10:27:45 PDT"]
[Termination "PhileKhoob won on time"]

1. d4 Nf6 2. Nc3 d5 3. Bf4 g6 4. e3 Bg7 5. Nb5 Na6 6. Nf3 O-O 7. h4 Bg4 8. c4 c5 9. dxc5 Nxc5 10. Be2 dxc4 11. O-O Nd3 12. Bg5 Nxb2 13. Qc2 Nd3 14. Qxc4 Bxf3 15. gxf3 Ne5 16. Qb3 Qb6 17. Bf4 Nfd7 18.
Rad1 a6 19. Nc3 Qxb3 20. axb3 Rac8 21. Nd5 Rfe8 22. Rd2 e6 23. Nb4 Nc5 24. Rb1 h5 25. Bg5 Ned7 26. Rdd1 e5 27. e4 Nf8 28. Nd5 Kh8 29.
Rdc1 Nce6 30. Be3 Nd4 31. Bd1 Nfe6 32. Kg2 f5 33. b4 f4 34. Bxd4 Nxd4 35. Nb6 Rc6 36. Ba4 Rxc1 37. Rxc1 Re6 38. Rc8+ Kh7 39. Nd5 b5 40. Bd1 Rc6 41. Rxc6 Nxc6 0-1

[Event "*** SCC Grand Prix: Titled Tuesday Blitz"]
[Site "Chess.com"]
[Date "2020.10.06"]
[Round "3"]
[White "yourstrulyme"]
[Black "Mazetovic"]
[Result "0-1"]
[WhiteElo "2417"]
[BlackElo "2617"]
[TimeControl "180+1"]
[EndTime "10:27:46 PDT"]
[Termination "Mazetovic won on time"]

1. d4 Nf6 2. Nf3 g6 3. Bg5 Bg7 4. Nbd2 d5 5. c3 O-O 6. e3 c6 7. Bd3 Bg4 8. O-O Nbd7 9. h3 Bxf3 10. Nxf3 Re8 11. Bf4 Nh5 12. Bh2 e5 13. dxe5 Nxe5 14. Be2 Nxf3+ 15. Bxf3 Nf6 16. Qb3 Qb6 17. Rfd1 Ne4 18.
Qxb6 axb6 19. a4 Nc5 20. Bc7 Nxa4 21. Ra2 b5 22. Rda1 Rac8 23. Bd6 Nb6 24. Ra7 Nc4 25.
Ba3 b6 26. Bg4 Ra8 27. Rc7 f5 28. Bf3 Ne5 29. Rd1 Rac8 30. Rb7 Rb8 31. Rc7 Rec8 32.
Bd6 Rxc7 33. Bxc7 Rb7 34. Bxe5 Bxe5 35. Ra1 Kf7 36. Ra8 Ke6 37. Kf1 Kd6 38. Ke2 Kc5 39. Kd3 b4 40. Rc8 bxc3 41. bxc3 b5 42. Ra8 b4 43.
cxb4+ Rxb4 44. Ra7 h5 0-1

[Event "*** SCC Grand Prix: Titled Tuesday Blitz"]
[Site "Chess.com"]
[Date "2020.10.06"]
[Round "3"]
[White "Teo2000"]
[Black "bratkoo"]
[Result "1-0"]
[WhiteElo "2411"]
[BlackElo "2561"]
[TimeControl "180+1"]
[EndTime "10:27:47 PDT"]
[Termination "Teo2000 won by checkmate"]

1. e4 e6 2. d4 d5 3. e5 c5 4. c3 Nc6 5. Nf3 Bd7 6. Be2 f6 7. O-O fxe5 8. Nxe5 Nxe5 9. dxe5 Qc7 10. f4 O-O-O 11.
b4 cxb4 12. cxb4 Bxb4 13. Bb2 Kb8 14. Nd2 Ne7 15. Nb3 Nc6 16. Rb1 Rhg8 17. a3 Be7 18.
Nd4 g5 19. Nb5 Qb6+ 20. Kh1 gxf4 21. Bc3 Qe3 22. Rf3 Qe4 23. Bd3 Bc8 24. Qb3 a6 25.
Bxe4 dxe4 26. Rxf4 axb5 27. Rxe4 Rd5 28. a4 b4 29. Bb2 Rgd8 30. Ree1 Na5 31. Qg3 Bd7 32.
Qh3 Bc6 33. Qxh7 Bc5 34. Rg1 Bxg1 35. Rxg1 Nc4 36. Bc1 b3 37. Qh6 b2 38. Bxb2 Nxb2 39. Qxe6 Rd1 40. h3 Nc4 41. Qxc4 R1d5 42. a5 Rxa5 43.
Kh2 Rxe5 44. Qf4 Re8 45. Re1 Ka8 46. Rxe5 Rg8 47. Ra5# 1-0

[Event "*** SCC Grand Prix: Titled Tuesday Blitz"]
[Site "Chess.com"]
[Date "2020.10.06"]
[Round "3"]
[White "FloMaster111"]
[Black "profofchess"]
[Result "1-0"]
[WhiteElo "2574"]
[BlackElo "2391"]
[TimeControl "180+1"]
[EndTime "10:27:47 PDT"]
[Termination "FloMaster111 won by checkmate"]

1. e4 e6 2. Qe2 c5 3. Nf3 Nc6 4.
g3 g6 5. Bg2 Bg7 6. O-O d6 7.
c3 e5 8. Na3 Nge7 9. Nc2 O-O 10. Rd1 f5 11. d4 fxe4 12. Nh4 exd4 13. cxd4 Nxd4 14. Nxd4 Bxd4 15. Be3 Nc6 16. Bxe4 Qf6 17. Bxc6 bxc6 18. Bxd4 cxd4 19. Qc4+ d5 20. Qxd4 Rb8 21.
b3 Qxd4 22. Rxd4 Be6 23. Ng2 c5 24. Ra4 Rb7 25. Nf4 Bf7 26. Rd1 Rd8 27. Ra5 Rc7 28. h4 d4 29. Nd3 c4 30. bxc4 Bxc4 31. Ne5 Be6 32. Ra3 Bf5 33. Kg2 Bc2 34. Rd2 Rc5 35.
Nf3 d3 36. Ne1 Rdc8 37. Rxa7 Rc4 38. Rd7 Rc3 39. Nxd3 Bxd3 40. R2xd3 Rc2 41. Ra3 Rb2 42. Raa7 Rcc2 43. Rd8# 1-0